 Dungeon Crawl Stone Soup version 0.27.1-34-g3ba077fa99 (webtiles) character file.

Game seed: 16013320004255259452

30 cbfl8 the Sneak (level 3, -1/33 HPs)
             Began as a Minotaur Delver on Jan 22, 2022.
             Slain by a sky beast (5 damage)
             ... on level 5 of the Dungeon.
             The game lasted 00:00:32 (148 turns).

cbfl8 the Sneak (Minotaur Delver)                    Turns: 148, Time: 00:00:32

Health: -1/33      AC:  3    Str: 16    XL:     3   Next: 3%
Magic:  2/2        EV: 12    Int:  8    God:
Gold:   0          SH:  0    Dex: 11    Spells: 2/2 levels left

rFire    . . .     SeeInvis .   a - +0 hand axe
rCold    . . .     Faith    .   (no shield)
rNeg     . . .     Spirit   .   b - +0 leather armour
rPois    .         Reflect  .   (helmet restricted)
rElec    .         Harm     .   (no cloak)
rCorr    .         Rampage  .   (no gloves)
Will     .....                  (no boots)
Stlth    +.........             (no amulet)
HPRegen  0.11/turn              (no ring)
MPRegen  0.08/turn              (no ring)

@: very slow
A: horns 2, retaliatory headbutt
a: no special abilities


You were on level 5 of the Dungeon.
You visited 1 branch of the dungeon, and saw 1 of its levels.

Inventory:

Hand Weapons
 a - a +0 hand axe (weapon)
Armour
 b - a +0 leather armour (worn)
Wands
 g - a wand of digging (3)
Scrolls
 c - a scroll of fog
 d - a scroll of magic mapping
 e - a scroll of fear
Potions
 f - a potion of haste


   Skills:
 + Level 4.0 Fighting
 + Level 2.5 Axes
 + Level 2.3 Dodging
 + Level 4.7 Stealth


You had 2 spell levels left.
You didn't know any spells.
Your spell library was empty.

Dungeon Overview and Level Annotations

Branches:
Dungeon (5/15)
 Temple: D:4-7

Altars:


Innate Abilities, Weirdness & Mutations

You have a pair of horns on your head.
You reflexively headbutt those who attack you in melee.


Message History

You closely miss the sky beast.
The sky beast is heavily wounded.
The sky beast completely misses you.
You barely miss the sky beast.
The sky beast is heavily wounded.
The sky beast hits you but does no damage.
You hit the sky beast but do no damage.
The sky beast is heavily wounded.
The sky beast closely misses you. You furiously retaliate!
You headbutt the sky beast!
Your unstable footing causes you to fumble your attack.
The sky beast hits you but does no damage.
You closely miss the sky beast. Your headbutt misses the sky beast.
The sky beast is severely wounded.
The sky beast closely misses you.
The sky beast hits you but does no damage.
You hit the sky beast.
The sky beast is almost dead.
The sky beast closely misses you.
Your unstable footing causes you to fumble your attack.
The sky beast hits you. The sky beast shocks you.
Your unstable footing causes you to fumble your attack.
The sky beast hits you but does no damage.
You hit the sky beast but do no damage. Your headbutt misses the sky beast.
The sky beast is almost dead.
The sky beast closely misses you.
You hit the sky beast but do no damage.
The sky beast is almost dead.
The sky beast hits you but does no damage.
The sky beast hits you. The sky beast shocks you.
* * * LOW HITPOINT WARNING * * *
Your unstable footing causes you to fumble your attack.
The sky beast flickers out of sight!
Deactivating autopickup; reactivate with Ctrl-A.
Something hits you but does no damage.
Your unstable footing causes you to fumble your attack.
Something hits you.
* * * LOW HITPOINT WARNING * * *
Something shocks you.
You die...

Y..≈P≈≈..#.#
##≈≈≈≈≈≈.≈.#
#≈≈≈♣≈≈≈..#
#≈≈≈≈♣♣♣PP.#
#P≈≈≈♣≈≈≈..#
..≈≈♣♣≈♣≈≈≈.##
.≈P♣≈≈≈≈≈≈♣≈≈#
♣≈≈≈≈≈≈♣≈≈≈#
≈≈#≈@{≈♣≈≈#
###≈≈♣≈≈#
##≈≈≈≈# #.≈♣≈#
#≈≈≈P# #P≈≈.#
##≈..# #####


There were no monsters in sight!

Vanquished Creatures
  A hound (D:5)
1 creature vanquished.

Vanquished Creatures (others)
  35 plants (D:5)
35 creatures vanquished.

Grand Total: 36 creatures vanquished

Notes
Turn   | Place    | Note
-------+----------+-------------------------------------------
     0 | D:5      | cbfl8 the Minotaur Delver began the quest for the Orb.
     0 | D:5      | Reached XP level 1. HP: 19/19 MP: 0/0
    33 | D:5      | Noticed a hound
    47 | D:5      | Killed a hound
    48 | D:5      | Reached XP level 2. HP: 20/27 MP: 1/1
    48 | D:5      | Reached XP level 3. HP: 24/33 MP: 2/2
    77 | D:5      | Noticed a sky beast
   148 | D:5      | Slain by a sky beast

Illustrated notes

Levels and vault maps discovered:
D:5:      layout_rooms, mainiacjoe_overflow_two_lobes, serial_bayou,
          serial_bayou_pond_e, serial_bayou_lagoon_a, serial_bayou_pond_d,
          serial_bayou_lagoon_b, minmay_misc_feat_five, chequers_hall_statues_y

Skill      XL: |  1 |
---------------+----+-----
Fighting       | 4 |  4.0
Axes           | |  2.5
Dodging        | |  2.3
Stealth        | |  4.7

Action                   || total
-------------------------++-------
Melee: Hand axe          ||    52
       Headbutt          ||    12
Armor: Leather armour    ||     9
Dodge: Dodged            ||    14
